 Dungeon Crawl Stone Soup version 0.28-a0-1159-g27aa881441 (webtiles) character file.

Game seed: 8103840942632500158

203 blank1 the Skirmisher (level 5, -3/48 HPs)
             Began as a Minotaur Fighter on Dec 15, 2021.
             Slain by a black bear (4 damage)
             ... on level 5 of the Dungeon.
             The game lasted 00:04:07 (3604 turns).

blank1 the Skirmisher (Minotaur Fighter)            Turns: 3604, Time: 00:04:08

Health: -3/48      AC:  9    Str: 22    XL:     5   Next: 51%
Magic:  4/4        EV:  8    Int:  5    God:
Gold:   151        SH:  4    Dex: 10    Spells: 4/4 levels left

rFire   . . .      SeeInvis .   a - +0 flail
rCold   . . .      Faith    .   c - +0 buckler
rNeg    . . .      Spirit   .   p - +0 chain mail
rPois   .          Reflect  .   (helmet restricted)
rElec   .          Harm     .   (no cloak)
rCorr   .          Rampage  .   (no gloves)
Will    .....                   (no boots)
Stlth   ..........              (no amulet)
HPRegen 0.16/turn               (no ring)
MPRegen 0.09/turn               (no ring)

@: no status effects
A: horns 2, retaliatory headbutt
a: no special abilities


You were on level 5 of the Dungeon.
You visited 1 branch of the dungeon, and saw 5 of its levels.

You collected 151 gold pieces.

Inventory:

Hand Weapons
 a - a +0 flail (weapon)
Armour
 c - a +0 buckler (worn)
 p - a +0 chain mail (worn)
Wands
 q - a wand of paralysis (6)
Scrolls
 b - a scroll of blinking {unknown}
 f - 3 scrolls of identify {unknown}
 g - 2 scrolls of fear {unknown}
 h - a scroll of magic mapping {unknown}
 k - a scroll of teleportation {unknown}
 r - a scroll of vulnerability {unknown}
 s - a scroll of enchant armour {unknown}
 t - a scroll of brand weapon {unknown}
Potions
 d - 2 potions of might
 e - a potion of flight {unknown}
 i - a potion of magic {unknown}
 j - a potion of invisibility {unknown}
 l - a potion of lignification {unknown}
 m - a potion of haste {unknown}
 n - 2 potions of curing {unknown}
 o - a potion of heal wounds {unknown}


   Skills:
 + Level 5.0 Fighting
 + Level 5.0 Maces & Flails
 - Level 4.0 Armour
 - Level 2.0 Dodging
 - Level 4.0 Shields


You had 4 spell levels left.
You didn't know any spells.
Your spell library contained the following spells:

 Spells                   Type           Power      Damage    Failure   Level
 Sublimation of Blood     Necr           0%         N/A       100%        2
 Wereblood                Tmut           0%         N/A       100%        2
 Dazzling Flash           Conj/Hex       0%         N/A       100%        3
 Iskenderun's Mystic Bla  Conj/Tloc      0%         2d3       100%        4
 Starburst                Conj/Fire      0%         6d3       100%        6
 Summon Hydra             Summ           0%         N/A       100%        7


Dungeon Overview and Level Annotations

Branches:
Dungeon (5/15)
 Temple: D:4-7

Altars:

Shops:
D:1 ?   D:4 *


Innate Abilities, Weirdness & Mutations

You have a pair of horns on your head.
You reflexively headbutt those who attack you in melee.


Message History

The puff of flame hits you!
The orc hits you from afar with a +0 trident!
You closely miss something. Your headbutt misses something.
The orc hits you but does no damage. Something hits you but does no damage.
The orc hits you from afar with a +0 trident.
You closely miss something. The orc hits you but does no damage.
You block something's attack. The orc hits you but does no damage.
You miss something. The orc hits you but does no damage.
Something hits you but does no damage.
The orc hits you from afar with a +0 trident.
* * * LOW HITPOINT WARNING * * *
The orc hits you from afar with a +0 trident.
* * * LOW HITPOINT WARNING * * *
Something hits you but does no damage.
You miss something. You headbutt something!
The orc hits you from afar with a +0 trident.
* * * LOW HITPOINT WARNING * * *
The orc closely misses you. You block something's attack.
You sock something!
Reactivating autopickup.
You feel a bit more experienced. You block the orc's attack.
The orc hits you but does no damage. The orc misses you.
Training target 5.0 for Maces & Flails reached!
Your Maces & Flails skill increases to level 5!
You need to enable at least one skill for training.
You barely miss the black bear. You headbutt the black bear!
The black bear is moderately wounded.
The black bear bites you.
* * * LOW HITPOINT WARNING * * *
The black bear claws you but does no damage.
You block the black bear's attack. The orc closely misses you.
The orc hits you from afar with a +0 trident.
* * * LOW HITPOINT WARNING * * *
You sock the black bear! Your headbutt misses the black bear.
The black bear is severely wounded.
The black bear bites you.
* * * LOW HITPOINT WARNING * * *
The black bear claws you but does no damage.
The black bear claws you.
You die...

#....##.....#
##...####'####...#
#...........#....#
#...........+....#
#>..........#....#
#...........#....
#...........#ooo
#..#.####...##h#
####.#########@##
#....#........#
#....#........#
#....#........#
#[...'........#
#....#........#
###############


You could see a black bear and 3 orcs.

Vanquished Creatures
  A centaur skeleton (D:5)
  3 orc wizards (D:5)
  A howler monkey zombie (D:5)
  2 adders (D:3)
  4 dart slugs
  5 orcs
  2 bats
  7 endoplasms
  3 giant cockroaches
  3 goblins
  5 hobgoblins
  4 jackals
  4 quokkas
  3 ball pythons
  4 frilled lizards
  4 kobolds
  6 rats
61 creatures vanquished.

Notes
Turn   | Place    | Note
-------+----------+-------------------------------------------
     0 | D:1      | blank1 the Minotaur Fighter began the quest for the Orb.
     0 | D:1      | Reached XP level 1. HP: 19/19 MP: 0/0
   227 | D:1      | Found a faded altar of an unknown god.
   424 | D:1      | Found Enabroidde's Magic Scroll Shoppe.
   433 | D:1      | Reached XP level 2. HP: 27/27 MP: 1/1
   801 | D:1      | Reached skill level 1 in Dodging
  1004 | D:1      | Reached XP level 3. HP: 33/33 MP: 2/2
  2236 | D:3      | Reached XP level 4. HP: 41/41 MP: 3/3
  3034 | D:4      | Found Zeumir's General Store.
  3242 | D:5      | Entered Level 5 of the Dungeon
  3539 | D:5      | Reached skill level 5 in Fighting
  3539 | D:5      | Reached XP level 5. HP: 48/48 MP: 4/4
  3590 | D:5      | Noticed a black bear
  3603 | D:5      | Reached skill level 5 in Maces & Flails
  3604 | D:5      | HP: 1/48 [black bear (4)]
  3604 | D:5      | Slain by a black bear

Illustrated notes

Levels and vault maps discovered:
D:1:      eino_arrival_water_cross, layout_basic,
          dreamdust_ecumenical_altar_grove, serial_shops, shop
D:2:      layout_rooms, lightli_corner_chamber
D:3:      wander_river, layout_basic
D:4:      layout_basic, serial_shops, nicolae_lakefront_shop,
          chequers_decorated_corner
D:5:      layout_gridville, grunt_ministairs_9

Skill      XL: |  1  2  3  4  5 |
---------------+----------------+-----
Dodging        | 1 2 |  2.0
Shields        | 4 |  4.0
Armour         | 4 |  4.0
Fighting       | 4 5 |  5.0
Maces & Flails | 3 4 5 |  5.0

Action                   |  1- 3 |  4- 6 || total
-------------------------+-------+-------++-------
Melee: Flail             |   112 |    44 ||   156
       Headbutt          |    10 |     8 ||    18
Armor: Scale mail        |    46 |       ||    46
       Chain mail        |       |    44 ||    44
Dodge: Dodged            |    55 |    15 ||    70
Block: Buckler           |    19 |    10 ||    29

Table legend: (Time is in decaauts)
 A = Elapsed time spent in this place.
 B = Non-inter-level travel time spent in this place.
 C = Inter-level travel time spent in this place.
 D = Time resting spent in this place.
 E = Time spent auto-exploring this place.
 F = Levels seen in this place.
 G = Mean time per level.
                   A        B        C        D        E       F      G
               +--------+--------+--------+--------+--------+-----+--------+
         Total |   3677 |   3478 |    199 |    377 |   2596 |   5 |  735.4 |
       Dungeon |   3677 |   3478 |    199 |    377 |   2596 |   5 |  735.4 |
               +--------+--------+--------+--------+--------+-----+--------+

Top non-repeatable levels by time:
     D:1: 1296 daAuts
     D:4: 950 daAuts
     D:3: 742 daAuts
     D:2: 556 daAuts
     D:5: 131 daAuts
